 Dungeon Crawl Stone Soup version 0.29-a0-284-gf9362112df (webtiles) character file.

Game seed: 6569915868941280108

125 rabbitsville the Charlatan (level 5, 0/40 HPs)
             Began as a Gnoll Wanderer on Mar 16, 2022.
             Was an Initiate of Nemelex Xobeh.
             Slain by a black bear (2 damage)
             ... created by the rage of Trog
             ... on level 3 of the Dungeon.
             The game lasted 00:10:44 (3278 turns).

rabbitsville the Charlatan (Gnoll Wanderer)         Turns: 3278, Time: 00:10:45

Health: 0/40       AC:  5    Str: 10 (11) XL:     5   Next: 9%
Magic:  9/9        EV: 13    Int: 11      God:    Nemelex Xobeh [......]
Gold:   116        SH:  0    Dex: 14      Spells: 10/10 levels left

rFire   . . .      SeeInvis .   a - +0 hand axe
rCold   . . .      Faith    .   (no shield)
rNeg    . . .      Spirit   .   e - +0 robe
rPois   +          Reflect  .   l - +1 helmet
rElec   .          Harm     .   c - +0 cloak
rCorr   .          Rampage  .   (no gloves)
Will    .....                   (no boots)
Stlth   +++.......              (no amulet)
HPRegen 0.13/turn               p - ring of poison resistance
MPRegen 0.11/turn               (no ring)

@: slowed, very slow
A: fangs 1, strong nose, distributed training
a: Renounce Religion, Draw Escape, Draw Destruction, Draw Summoning


You were on level 3 of the Dungeon.
You worshipped Nemelex Xobeh.
Nemelex Xobeh was noncommittal.
You visited 1 branch of the dungeon, and saw 3 of its levels.

You collected 116 gold pieces.

Inventory:

Hand Weapons
 a - a +0 hand axe (weapon)
Missiles
 f - 6 poisoned darts (quivered)
Armour
 c - a +0 cloak (worn)
 e - a +0 robe (worn)
 l - a +1 helmet (worn)
Jewellery
 p - a ring of poison resistance (left hand)
Wands
 b - a wand of mindburst (19)
Scrolls
 h - a scroll of enchant armour {unknown}
 i - 2 scrolls of identify {unknown}
 j - a scroll of silence {unknown}
 k - a scroll of blinking {unknown}
 m - a scroll of holy word {unknown}
 o - 2 scrolls of teleportation {unknown}
Potions
 d - a potion of attraction
 n - 2 potions of brilliance


   Skills:
 + Level 2.9 Fighting
 + Level 1.3 Short Blades
 + Level 1.3 Long Blades
 + Level 2.9 Axes
 + Level 1.3 Maces & Flails
 + Level 1.3 Polearms
 + Level 1.3 Staves
 + Level 1.3 Slings
 + Level 1.3 Bows
 + Level 1.3 Crossbows
 + Level 1.3 Throwing
 + Level 1.3 Armour
 + Level 2.9 Dodging
 + Level 4.3 Stealth
 + Level 1.3 Shields
 + Level 1.3 Unarmed Combat
 + Level 3.1 Spellcasting
 + Level 1.1 Conjurations
 + Level 1.1 Hexes
 + Level 1.1 Summonings
 + Level 1.1 Necromancy
 + Level 1.1 Translocations
 + Level 1.1 Transmutations
 + Level 1.1 Fire Magic
 + Level 1.1 Ice Magic
 + Level 1.1 Air Magic
 + Level 1.1 Earth Magic
 + Level 1.1 Poison Magic
 + Level 3.0 Invocations
 + Level 6.6 Evocations


You had 10 spell levels left.
You didn't know any spells.
Your spell library contained the following spells:

 Spells                   Type           Power      Damage    Failure   Level
 Animate Skeleton         Necr           8%         N/A       17%         1
 Pain                     Necr           16%        1d4       17%         1
 Corpse Rot               Necr/Air       8%         N/A       26%         2
 Poisonous Vapours        Pois/Air       8%         N/A       26%         2
 Vampiric Draining        Necr           4%         2d6       45%         3


Dungeon Overview and Level Annotations

Branches:
Dungeon (3/15)

Altars:
Nemelex Xobeh
Trog


Innate Abilities, Weirdness & Mutations

You have very sharp teeth.
Your uncanny sense of smell can sniff out nearby items.
Your experience applies equally to all skills.


Message History

You closely miss the frilled lizard.
The frilled lizard hisses angrily.
Your bite misses the frilled lizard. The frilled lizard barely misses you.
You barely miss the frilled lizard. Your punch misses the frilled lizard.
Your bite misses the frilled lizard.
The frilled lizard bites you but does no damage.
You closely miss the frilled lizard.
The frilled lizard bites you but does no damage.
You hit the frilled lizard.
You kill the frilled lizard!
You see here a poisoned dart.
The hobgoblin hits you but does no damage.
You closely miss the hobgoblin. Your bite misses the hobgoblin.
The hobgoblin hits you but does no damage.
The hobgoblin closely misses you.
You closely miss the hobgoblin.
You bite the hobgoblin, but do no damage.
The hobgoblin closely misses you.
You closely miss the hobgoblin. The hobgoblin closely misses you.
Trog sends monsters to punish you.
The divine experience drains your vigour!
You feel yourself slow down. 3 polar bears and 2 black bears come into view.
You hit the hobgoblin.
The hobgoblin is lightly wounded.
You closely miss the black bear.
You hit the polar bear but do no damage.
The hobgoblin closely misses you. The hobgoblin misses you.
You closely miss the hobgoblin.
The hobgoblin is lightly wounded.
You barely miss the black bear.
You hit the polar bear but do no damage.
The polar bear bites you!!
Ouch! That really hurt!
The polar bear misses you. The polar bear barely misses you.
The black bear bites you!
* * * LOW HITPOINT WARNING * * *
The black bear claws you.
You die...
Your body disappears without a glow.

#.......#..#.#.
#####...÷.÷##..#..#
.########................#
....[...#.#####.######.#..#
.##.....#†#####.# #.....
...^.>.......##)# ###.##
.##.....#h##.##.# .#
#.....#h##h##.# .
####.##h@hg.(.# .# ∆ ..
####.#### ### .. ..# .# # ∆


You could see 3 polar bears, 2 black bears and a hobgoblin.

Vanquished Creatures
  Natasha (D:3)
  3 adders (D:2)
  A worm (D:2)
  2 dart slugs
  3 orcs
  4 ball pythons
  5 bats
  5 endoplasms
  3 giant cockroaches
  5 goblins
  10 hobgoblins
  4 kobolds
  4 quokkas
  2 frilled lizards
  8 rats
60 creatures vanquished.

Vanquished Creatures (others)
  16 plants (D:1)
16 creatures vanquished.

Grand Total: 76 creatures vanquished

Notes
Turn   | Place    | Note
-------+----------+-------------------------------------------
     0 | D:1      | rabbitsville the Gnoll Wanderer began the quest for the
                  | Orb.
     0 | D:1      | rabbitsville set off with the following items: a +0 hand
                  | axe, a wand of mindburst (19), a +0 cloak, a potion of
                  | attraction, a +0 robe
     0 | D:1      | Reached XP level 1. HP: 17/17 MP: 4/4
   369 | D:1      | Reached XP level 2. HP: 22/23 MP: 5/5
   866 | D:1      | Reached XP level 3. HP: 19/28 MP: 7/7
  1651 | D:2      | Found a faded altar of an unknown god.
  1680 | D:2      | Prayed at the altar of an unknown god.
  1680 | D:2      | Became a worshipper of Trog the Wrathful
  1680 | D:2      | Reached * piety under Trog
  1921 | D:2      | Reached skill level 1 in Short Blades
  1921 | D:2      | Reached skill level 1 in Long Blades
  1921 | D:2      | Reached skill level 1 in Maces & Flails
  1921 | D:2      | Reached skill level 1 in Polearms
  1921 | D:2      | Reached skill level 1 in Staves
  1921 | D:2      | Reached skill level 1 in Slings
  1921 | D:2      | Reached skill level 1 in Bows
  1921 | D:2      | Reached skill level 1 in Crossbows
  1921 | D:2      | Reached skill level 1 in Throwing
  1921 | D:2      | Reached skill level 1 in Armour
  1921 | D:2      | Reached skill level 1 in Shields
  1921 | D:2      | Reached skill level 1 in Unarmed Combat
  1988 | D:2      | Reached XP level 4. HP: 30/34 MP: 8/8
  2051 | D:2      | Found a sparkling altar of Nemelex Xobeh.
  2082 | D:2      | Fell from the grace of Trog
  2082 | D:2      | Became a worshipper of Nemelex Xobeh the Trickster
  2528 | D:3      | Reached skill level 1 in Conjurations
  2528 | D:3      | Reached skill level 1 in Hexes
  2528 | D:3      | Reached skill level 1 in Summonings
  2528 | D:3      | Reached skill level 1 in Necromancy
  2528 | D:3      | Reached skill level 1 in Translocations
  2528 | D:3      | Reached skill level 1 in Transmutations
  2528 | D:3      | Reached skill level 1 in Fire Magic
  2528 | D:3      | Reached skill level 1 in Ice Magic
  2528 | D:3      | Reached skill level 1 in Air Magic
  2528 | D:3      | Reached skill level 1 in Earth Magic
  2528 | D:3      | Reached skill level 1 in Poison Magic
  2813 | D:3      | Noticed Natasha
  3147 | D:3      | Killed Natasha
  3148 | D:3      | Reached XP level 5. HP: 18/40 MP: 9/9
  3277 | D:3      | Noticed a polar bear
  3277 | D:3      | Noticed a polar bear
  3277 | D:3      | Noticed a black bear
  3277 | D:3      | Noticed a polar bear
  3277 | D:3      | Noticed a black bear
  3278 | D:3      | HP: 2/40 [black bear[the rage of Trog] (11)]
  3278 | D:3      | Slain by a black bear

Illustrated notes

Levels and vault maps discovered:
D:1:      roderic_crop_circles_arrival_large, layout_basic
D:2:      layout_basic, dreamdust_ecumenical_altar_angels_and_demons,
          basic_altar
D:3:      layout_loops_cross, uniq_natasha

Skill      XL: |  1  2  3  4 |
---------------+-------------+-----
Short Blades   | 1 |  1.3
Long Blades    | 1 |  1.3
Maces & Flails | 1 |  1.3
Polearms       | 1 |  1.3
Staves         | 1 |  1.3
Slings         | 1 |  1.3
Bows           | 1 |  1.3
Crossbows      | 1 |  1.3
Throwing       | 1 |  1.3
Armour         | 1 |  1.3
Shields        | 1 |  1.3
Unarmed Combat | 1 |  1.3
Spellcasting   | 3 |  3.1
Conjurations   | 1 |  1.1
Hexes          | 1 |  1.1
Summonings     | 1 |  1.1
Necromancy     | 1 |  1.1
Translocations | 1 |  1.1
Transmutations | 1 |  1.1
Fire Magic     | 1 |  1.1
Ice Magic      | 1 |  1.1
Air Magic      | 1 |  1.1
Earth Magic    | 1 |  1.1
Poison Magic   | 1 |  1.1
Invocations    | 3 |  3.0
Fighting       | |  2.9
Axes           | |  2.9
Dodging        | |  2.9
Stealth        | |  4.3
Evocations     | |  6.6

Action                   |  1- 3 |  4- 6 || total
-------------------------+-------+-------++-------
Melee: Hand axe          |   126 |    76 ||   202
       Bite              |    11 |     2 ||    13
       Punch             |     3 |       ||     3
Throw: Dart              |       |     4 ||     4
  Use: Potion            |     1 |     2 ||     3
 Stab: Sleeping          |     9 |     2 ||    11
Armor: Robe              |    37 |    23 ||    60
Dodge: Dodged            |    77 |    60 ||   137

Table legend: (Time is in decaauts)
 A = Elapsed time spent in this place.
 B = Non-inter-level travel time spent in this place.
 C = Inter-level travel time spent in this place.
 D = Time resting spent in this place.
 E = Time spent auto-exploring this place.
 F = Levels seen in this place.
 G = Mean time per level.
                   A        B        C        D        E       F      G
               +--------+--------+--------+--------+--------+-----+--------+
         Total |   3320 |   3278 |     42 |   1138 |   1159 |   3 | 1106.7 |
       Dungeon |   3320 |   3278 |     42 |   1138 |   1159 |   3 | 1106.7 |
               +--------+--------+--------+--------+--------+-----+--------+

Top non-repeatable levels by time:
     D:2: 1529 daAuts
     D:1: 1349 daAuts
     D:3: 441 daAuts
